 Dungeon Crawl Stone Soup version 0.32-a0-918-g0f22ef8d61 (webtiles) character file.

Game seed: 13142500429513436666

29353 ragingrage the Skirmisher (level 13, -14/87 (92) HPs)
             Began as a Coglin Hunter on Apr 11, 2024.
             Was a High Priest of Hepliaklqana.
             Demolished by a dream sheep (26 damage)
             ... on level 3 of the Lair of Beasts.
             The game lasted 00:12:38 (14354 turns).

ragingrage the Skirmisher (Coglin Hunter)          Turns: 14354, Time: 00:12:38

HP:   -14/87 (92)   AC: 10    Str: 12    XL:     13   Next: 44%
MP:   15/17         EV:  2    Int:  9    God:    Hepliaklqana [*****.]
Gold: 996           SH:  0    Dex: 22    Spells: 12/12 levels left

rFire   . . .        T - +1 hand cannon (freeze) {Sanghe}
rCold   . . .        S - +3 sling of Ogriphi {heavy, rN+ Will++}
rNeg    + . .        c - +3 leather armour
rPois   .            E - +2 hat
rElec   .            j - scarf {repulsion}
rCorr   .            F - +1 pair of gloves
SInv    .            (no boots)
Will    ++...        (amulet unavailable)
Stlth   ++           (ring unavailable)
HPRegen 0.34/turn    (ring unavailable)
MPRegen 0.15/turn    (no gizmo)

%: repel missiles
@: sleeping, drained
A: reduced essence, off-hand wielding, slow wielding, warmup strikes, no
jewellery
a: Invent Gizmo, Renounce Religion, Recall Ancestor, Ancestor Identity,
Transference, Idealise


You were on level 3 of the Lair of Beasts.
You worshipped Hepliaklqana.
Hepliaklqana was extremely pleased with you.
You visited 3 branches of the dungeon, and saw 15 of its levels.
You also visited: Sewer and Ice Cave.

You collected 1213 gold pieces.
You spent 217 gold pieces at shops.

Inventory:

Hand Weapons
 a - a +2 sling of freezing {Chikashi}
 G - the +3 glaive of Purpose {elec, rElec Int+2 SInv}
   (You found it on level 7 of the Dungeon)

   Int+2:     It affects your intelligence (+2).
   rElec:     It insulates you from electricity.
   SInv:      It lets you see invisible.
 S - the +3 sling of Ogriphi (offhand) {heavy, rN+ Will++}
   (You found it in an ice cave)

   rN+:       It protects you from negative energy.
   Will++:    It greatly increases your willpower.
 T - a +1 hand cannon of freezing (weapon) {Sanghe}
Missiles
 h - 3 throwing nets
 v - 16 poisoned darts
Armour
 c - a +3 leather armour (worn)
 d - a +2 pair of gloves of hurling
 j - a scarf of repulsion (worn)
 E - a +2 hat (worn)
 F - a +1 pair of gloves (worn)
 U - a scarf of resistance
Wands
 s - a wand of roots (1)
 t - a wand of charming (14)
 y - a wand of acid (12)
 B - a wand of mindburst (20)
 C - a wand of polymorph (13)
 P - a wand of flame (12)
Scrolls
 b - a scroll of butterflies
 f - 2 scrolls of teleportation {unknown}
 i - 3 scrolls of amnesia
 k - 3 scrolls of vulnerability
 p - a scroll of poison
 r - 2 scrolls of revelation
 A - 4 scrolls of blinking
 D - 3 scrolls of enchant weapon {unknown}
 H - a scroll of fear
 I - 3 scrolls of immolation
 J - a scroll of fog
 L - a scroll of enchant armour
 N - 2 scrolls of identify
 O - a scroll of silence {unknown}
 V - a scroll of noise {unknown}
Potions
 e - 3 potions of attraction
 g - 6 potions of curing
 l - 3 potions of heal wounds {unknown}
 m - 5 potions of haste {unknown}
 n - 3 potions of degeneration {unknown}
 o - 3 potions of cancellation
 q - 2 potions of resistance {unknown}
 u - a potion of ambrosia {unknown}
 w - 5 potions of mutation {unknown}
 x - 2 potions of brilliance {unknown}
 z - 2 potions of invisibility {unknown}
 K - a potion of lignification {unknown}
 M - a potion of might {unknown}
 Q - a potion of enlightenment {unknown}
 R - a potion of berserk rage {unknown}


   Skills:
 + Level 9.8 Fighting
 + Level 14.0 Ranged Weapons
 + Level 8.8 Dodging
 - Level 2.0 Stealth
 + Level 6.6 Invocations
 + Level 9.3 Evocations


You had 12 spell levels left.
You didn't know any spells.
Your spell library contained the following spells:

 Spells                   Type           Power      Damage    Failure   Level
 Blink                    Tloc           0%         N/A       61%         2
 Cigotuvi's Dreadful Rot  Necr/Alch/Air  0%         N/A       61%         2
 Lesser Beckoning         Tloc           0%         N/A       61%         2
 Momentum Strike          Conj/Tloc      0%         3d8       61%         2
 Inner Flame              Hex/Fire       0%         N/A       83%         3
 Volatile Blastmotes      Fire/Tloc      0%         2d10      83%         3
 Dispel Undead            Necr           0%         3d6       99%         4
 Flame Wave               Conj/Fire      0%         2d4       99%         4
 Fulminant Prism          Conj/Alch      0%         3d5       99%         4
 Iskenderun's Mystic Bla Conj/Tloc 0%             2d3        (+2d1     99%         4
 Martyr's Knell           Necr/Summ      0%         N/A       99%         4
 Sticky Flame             Fire/Alch      0%         2d4       99%         4


Dungeon Overview and Level Annotations

Branches:
Dungeon (11/15)            Temple (1/1) D:7            Lair (3/5) D:11
 Shoals (0/4) Lair:2       Spider (0/4) Lair:2          Orc (0/2) D:10
  Sewer (visited)           IceCv (visited)

Altars:
Ashenzari
Cheibriados
Dithmenos
Elyvilon
Fedhas
Gozag
Hepliaklqana
Kikubaaqudgha
Makhleb
Nemelex Xobeh
Okawaru
Qazlal
Ru
Sif Muna
Trog
Uskayaw
Vehumet
Wu Jian
Xom
Yredelemnul
Zin
The Shining One

Shops:
D:7 ?

Annotations:
D:5 1 runed translucent door, SageDae's ghost, novice CoGl
D:7 2 runed translucent doors, dcgchant's ghost, novice TrSh


Innate Abilities, Weirdness & Mutations

Your life essence is reduced to manifest your ancestor. (-10% HP)
You can wield a second weapon in your off-hand.
It takes a long time for you to wield or remove held weapons.
Your first few attacks do less damage.
You cannot equip rings or amulets.


Message History

Garruush hits the hell rat with a +0 flail!
Fire: T) +1 hand cannon (freeze) {Sanghe}
Press: ? - help, Q - select action, (/) - cycle Shift-Dir - straight line, f - hell rat
Aim: a hell rat (severely wounded, ally target, 74% to hit)
You shoot a slug. Garruush avoids your attack.
The slug barely misses the hell rat.
You shoot a sling bullet. Garruush avoids your attack.
The sling bullet hits the hell rat!
You kill the hell rat!
The hell rat bites Garruush.
Fire: T) +1 hand cannon (freeze) {Sanghe}
Press: ? - help, Q - select action, (/) - cycle Shift-Dir - straight line, f - hell rat
Aim: a hell rat (ally target, 74% to hit)
You shoot a slug.
The slug completely misses the hell rat.
You shoot a sling bullet. The sling bullet hits the hell rat!!
You kill the hell rat!
The dream sheep ruffles its wool and motes of dream dust sparkle, to no effect.
The dream sheep shakes its wool and sparkles.
You feel drowsy...
You fall asleep.
Garruush hits the dream sheep with a +0 flail!
Garruush blocks the dream sheep's attack.
Garruush hits the dream sheep with a +0 flail.
Garruush closely misses the dream sheep.
You wake up.
Unknown command.
Garruush hits the dream sheep with a +0 flail!
The dream sheep ruffle their wool and motes of dream dust sparkle, to no effect.
Garruush is recalled.
The dream sheep shake their wool and sparkle.
You feel drowsy...
You fall asleep.
Garruush hits the dream sheep with a +0 flail!
Something bites the plant.
The plant begins to die.
Something drains the plant.
Something bites the plant!
Garruush hits the dream sheep with a +0 flail!
Garruush blocks the dream sheep's attack.
Something bites the plant!
Something drains the plant.
The dream sheep headbutts you!!
You die...
Hepliaklqana delivers you to your ancestors.

#####.+##### #####.##..+#
#..## ####P..# ##..##
#...## ##....# ###r#.#
###....## ####....##
#..##...##### #..#.P#.###
#.....†.....## #..........
#..<..†...#R.###..........
#...†....@Y.Y..#..........
#.....†...###..P..P.......
#.........# ##...†........
#.......... #..Y.......>..
##.###.#.## ##...†....##..
.###.#### #P...P$..^#.[ #
## ##.P.........
#####+.†.PP. #....†...


You could see the friendly Garruush the knight and 2 dream sheep.

Vanquished Creatures
  A white draconian (IceCv)
  2 boulder beetles (D:11)
  3 two-headed ogres
  3 death yaks (Lair:1)
  A pharaoh ant (Lair:2)
  A black mamba (Lair:2)
  3 cane toads
  2 ice statues (IceCv)
  A gargoyle (D:11)
  3 rime drakes (IceCv)
  4 komodo dragons
  An unseen horror (D:11)
  Maggie (D:9)
  3 polar bears
  3 trolls
  A tarantella (Lair:2)
  7 dream sheep (Lair:3)
  A shadow (D:11)
  27 yaks
  A wraith (D:10)
  A vampire (D:11)
  A wyvern (D:9)
  A basilisk (Lair:2)
  A redback (Lair:2)
  A steam dragon (Lair:1)
  A warg (D:11)
  3 vampire mosquitoes (D:11)
  4 water moccasins
  3 orc warriors
  2 sky beasts (D:7)
  2 black bears
  A wolf (D:11)
  5 centaurs
  6 bullfrogs
  3 kobold brigands
  4 scorpions
  A gnoll sergeant (D:9)
  4 wights (D:8)
  3 lindwurm simulacra (IceCv)
  3 howler monkeys
  4 hounds
  5 komodo dragon simulacra (IceCv)
  A quasit (Sewer)
  3 bombardier beetles
  3 gnoll boudas
  7 orc priests
  3 jellies
  2 iguanas
  An iron imp (D:3)
  A sleepcap (D:5)
  4 orc wizards
  10 hell rats
  5 acid dragon simulacra (IceCv)
  18 gnolls
  6 adders
  3 shadow imps (Sewer)
  10 white imps (Lair:2)
  3 ufetubi
  4 steam dragon simulacra (IceCv)
  3 dart slugs
  5 ribbon worms
  25 orcs
  9 ball pythons
  7 bats
  3 endoplasms
  A giant cockroach (D:4)
  7 hobgoblins
  4 quokkas
  2 frilled lizards
  10 goblins
  29 kobolds
  3 rats
320 creatures vanquished.

Vanquished Creatures (collateral kills)
  Harold (D:9)
  A two-headed ogre (D:11)
  Erica (D:9)
  A boulder beetle (Lair:1)
  A cane toad (Lair:1)
  A rime drake (IceCv)
  Psyche (D:9)
  2 dream sheep (Lair:3)
  A shadow (D:10)
  9 yaks
  A wraith (D:10)
  A vampire mosquito (D:11)
  2 water moccasins (Lair:2)
  An acid dragon (D:11)
  A sky beast (D:7)
  A wolf (D:11)
  2 centaurs
  A bullfrog (Lair:1)
  2 scorpions
  A wight (D:8)
  A komodo dragon simulacrum (IceCv)
  A quasit (Sewer)
  An orc priest (D:6)
  An iguana (D:5)
  3 orc wizards
  A hell rat (Lair:2)
  3 gnolls
  An adder (D:5)
  An acid dragon simulacrum (IceCv)
  A shadow imp (Sewer)
  2 white imps (Lair:2)
  A steam dragon simulacrum (IceCv)
  4 ufetubi
  2 orcs
  2 giant cockroaches (Sewer)
  3 kobolds (Sewer)
60 creatures vanquished.

Vanquished Creatures (others)
  4 knights
  2 ancestors (D:5)
6 creatures vanquished.

Grand Total: 386 creatures vanquished

Notes
Turn   | Place    | Note
-------+----------+-------------------------------------------
     0 | D:1      | ragingrage the Coglin Hunter began the quest for the Orb.
     0 | D:1      | Reached XP level 1. HP: 16/16 MP: 1/1
   133 | D:1      | Reached skill level 4 in Ranged Weapons
   133 | D:1      | Reached XP level 2. HP: 22/22 MP: 2/2
   504 | D:1      | Found a faded altar of an unknown god.
   517 | D:1      | Reached XP level 3. HP: 26/27 MP: 3/3
   906 | D:2      | Reached skill level 5 in Ranged Weapons
   920 | D:2      | Reached XP level 4. HP: 33/33 MP: 4/4
  1204 | D:3      | Reached skill level 1 in Stealth
  1408 | D:3      | Found a burning altar of Makhleb.
  1503 | D:3      | Noticed a scorpion
  1519 | D:3      | Killed a scorpion
  1520 | D:3      | Reached XP level 5. HP: 23/38 MP: 5/5
  1738 | D:3      | Found a hazy altar of Hepliaklqana.
  1738 | D:3      | Found a hide-covered altar of Uskayaw.
  1920 | D:3      | Became a worshipper of Hepliaklqana the Forgotten
  2326 | D:4      | Found a shadowy altar of Dithmenos.
  2403 | D:4      | Reached skill level 6 in Ranged Weapons
  2631 | D:3      | Reached XP level 6. HP: 7/44 MP: 6/6
  3083 | D:4      | Noticed a black bear
  3089 | D:4      | Killed a black bear
  3090 | D:4      | Reached skill level 7 in Ranged Weapons
  3271 | D:5      | Entered Level 5 of the Dungeon
  3328 | D:5      | Reached XP level 7. HP: 50/50 MP: 7/7
  3346 | D:5      | Reached * piety under Hepliaklqana
  3379 | D:5      | Found a broken altar of Ashenzari.
  3490 | D:5      | Found a glowing drain.
  3502 | Sewer    | Entered a sewer
  3614 | Sewer    | Found a burning altar of Makhleb.
  3630 | Sewer    | Reached skill level 8 in Ranged Weapons
  4012 | D:5      | Noticed SageDae's ghost (novice CoGl)
  4015 | D:5      | Found a runed translucent door.
  4093 | D:5      | Reached XP level 8. HP: 50/50 MP: 8/8
  4202 | D:5      | Noticed a yak
  4214 | D:5      | Killed a yak
  4215 | D:5      | Reached skill level 9 in Ranged Weapons
  4524 | D:5      | Reached skill level 10 in Ranged Weapons
  4690 | D:6      | Reached XP level 9. HP: 54/54 MP: 9/9
  4963 | D:6      | Reached ** piety under Hepliaklqana
  4964 | D:6      | Remembered your ancestor Garruush as a knight
  5418 | D:7      | Reached skill level 11 in Ranged Weapons
  5693 | D:7      | Found a large runed translucent door.
  5693 | D:7      | Found a large runed translucent door.
  5698 | D:7      | Noticed dcgchant's ghost (novice TrSh)
  5743 | D:7      | Identified the +3 glaive of Purpose {elec, rElec Int+2
                  | SInv}
  5893 | D:7      | Reached skill level 12 in Ranged Weapons
  6074 | D:7      | Found a staircase to the Ecumenical Temple.
  6083 | Temple   | Entered the Ecumenical Temple
  6489 | D:7      | Found Nidely's Magic Scroll Shop.
  6492 | D:7      | Bought a scroll of blinking for 105 gold pieces
  6492 | D:7      | Bought a scroll of fear for 56 gold pieces
  6492 | D:7      | Bought a scroll of immolation for 56 gold pieces
  6590 | D:7      | Reached *** piety under Hepliaklqana
  6897 | D:8      | Noticed a two-headed ogre
  6902 | D:8      | Killed a two-headed ogre
  6903 | D:8      | Reached skill level 13 in Ranged Weapons
  6903 | D:8      | Reached XP level 10. HP: 60/60 MP: 10/10
  7680 | D:9      | You fall into a shaft and drop 2 floors!
  7680 | D:11     | Reached **** piety under Hepliaklqana
  7684 | D:11     | Noticed a boulder beetle
  7697 | D:11     | Killed a boulder beetle
  7698 | D:11     | Reached skill level 14 in Ranged Weapons
  7797 | D:10     | Entered Level 10 of the Dungeon
  7853 | D:10     | Found a staircase to the Orcish Mines.
  8133 | D:10     | Reached skill level 5 in Evocations
  8162 | D:9      | Noticed a two-headed ogre
  8171 | D:9      | Killed a two-headed ogre
  8172 | D:9      | Reached XP level 11. HP: 59/69 MP: 11/11
  8401 | D:9      | Noticed Maggie
  8413 | D:9      | Killed Maggie
  8484 | D:9      | Noticed Psyche
  8495 | D:9      | Killed Psyche
  8506 | D:9      | Noticed Harold
  8519 | D:9      | Killed Harold
  8530 | D:9      | Noticed Erica
  9075 | D:9      | Killed Erica
  9076 | D:9      | Reached skill level 5 in Fighting
  9076 | D:9      | Reached skill level 1 in Invocations
  9980 | D:11     | Noticed a boulder beetle
 10010 | D:11     | Killed a boulder beetle
 10011 | D:11     | Reached skill level 5 in Dodging
 10333 | D:11     | Found a staircase to the Lair.
 10407 | D:11     | Reached ***** piety under Hepliaklqana
 10475 | D:11     | Noticed a two-headed ogre
 10481 | D:11     | Killed a two-headed ogre
 10547 | D:11     | Noticed a two-headed ogre
 10555 | D:11     | Killed a two-headed ogre
 10556 | D:11     | Reached XP level 12. HP: 80/80 MP: 14/14
 10745 | Lair:1   | Entered Level 1 of the Lair of Beasts
 10811 | Lair:1   | Noticed a boulder beetle
 10825 | Lair:1   | Killed a boulder beetle
 11002 | Lair:1   | Noticed a death yak
 11012 | Lair:1   | Noticed a death yak
 11013 | Lair:1   | Killed a death yak
 11017 | Lair:1   | Noticed a death yak
 11025 | Lair:1   | Killed a death yak
 11032 | Lair:1   | Killed a death yak
 11487 | Lair:1   | Reached skill level 5 in Invocations
 11927 | Lair:2   | Found a hole to the Spider Nest.
 12034 | Lair:2   | Reached XP level 13. HP: 90/90 MP: 17/17
 12221 | Lair:2   | Found a frozen archway.
 12235 | IceCv    | Entered an ice cave
 13439 | IceCv    | Identified the +3 sling of Ogriphi {heavy, rN+ Will++}
 13551 | IceCv    | Noticed a white draconian
 13557 | IceCv    | Killed a white draconian
 13759 | IceCv    | Identified the ring of Ivargh {rN+ AC+4}
 14039 | Lair:2   | Found a staircase to the Shoals.
 14324 | Lair:3   | HP: 1/87 [dream sheep (5)]
 14354 | Lair:3   | Demolished by a dream sheep

Illustrated notes

Levels and vault maps discovered:
D:1:      dpeg_arrival_rhombi, layout_basic, basic_ecumenical_altar
D:2:      layout_basic, minmay_small_reverse_x
D:3:      layout_basic, demons_altar, nicolae_overflow_two_pavilions,
          dk_vineyard_1
D:4:      layout_layer_cave, nicolae_dithmenos_through_a_glass_darkly
D:5:      minmay_octagon_keep, layout_loops_ring, mainiacjoe_overflow_catwalk,
          hellmonk_ghost_happy_afterlife, portal_sewer_entry_d,
          minmay_misc_feat_rows, grunt_decor_mini_mirrors
D:6:      layout_basic
D:7:      layout_layer_cave, minmay_temple_entry_slanted, serial_shops,
          kennysheep_mini, ebering_ghost_disaster_area, columned_hall_lemuel
D:8:      layout_cave_pods
D:9:      layout_long_grid, lightli_orcish_oven, uniq_maggie, uniq_harold,
          uniq_erica, uniq_psyche
D:10:     layout_stronghold, orc_0_dummy
D:11:     layout_cross, erik_lair_orcish_takeover, moated_statue
Temple:   minmay_crystal_spiral_temple
Lair:1:   layout_chaotic_city, nicolae_quartered_pool_impasse
Lair:2:   layout_regular_city, elwin_shoals_entry_rocks,
          nicolae_spider_entry_lesser_pyramids, portal_ice_cave_entry_imps,
          minmay_stone_trees_small
Lair:3:   layout_roguey, lemuel_fruit_fields

Skill      XL: |  1  2  3  4  5  6  7  8  9 10 11 12 13 |
---------------+----------------------------------------+-----
Ranged Weapons | 4 5 6 7 8 10 13 14 | 14.0
Stealth        | 2 |  2.0
Dodging        | 3 5 8 |  8.8
Evocations     | 6 9 |  9.3
Fighting       | 4 6 8 9 |  9.8
Invocations    | 3 5 6 |  6.6

Action                     |  1- 3 |  4- 6 |  7- 9 | 10-12 | 13-15 || total
---------------------------+-------+-------+-------+-------+-------++-------
   Fire: Sling             |   138 |   218 |   532 |  1168 |   517 ||  2573
         Hand cannon       |       |       |       |       |    29 ||    29
  Throw: Dart              |       |       |       |    16 |       ||    16
         Throwing net      |       |       |       |       |     1 ||     1
 Invoke: Ancestor Life: Kn |       |       |     1 |       |       ||     1
         Recall Ancestor   |       |       |       |     4 |     4 ||     8
         Idealise          |       |       |       |     3 |     1 ||     4
  Evoke: Wand              |       |     1 |       |       |     6 ||     7
    Use: Scroll            |       |     6 |     1 |     4 |     1 ||    12
         Potion            |       |       |       |     1 |       ||     1
 Armour: Leather armour    |     6 |    19 |    26 |    68 |    68 ||   187
  Dodge: Dodged            |     5 |    11 |    29 |    56 |    44 ||   145
         Repelled          |       |     2 |     3 |     7 |     8 ||    20

Table legend: (Time is in decaauts)
 A = Elapsed time spent in this place.
 B = Non-inter-level travel time spent in this place.
 C = Inter-level travel time spent in this place.
 D = Time resting spent in this place.
 E = Time spent auto-exploring this place.
 F = Levels seen in this place.
 G = Mean time per level.
                   A        B        C        D        E       F      G
               +--------+--------+--------+--------+--------+-----+--------+
         Total |  14189 |  13448 |    741 |   2255 |   9091 |  17 |  834.6 |
       Dungeon |  10365 |   9728 |    637 |   1008 |   7417 |  11 |  942.3 |
        Temple |      1 |      1 |      0 |      0 |      0 |   1 |    1.0 |
          Lair |   1952 |   1848 |    104 |    286 |   1166 |   3 |  650.7 |
         Sewer |    325 |    325 |      0 |     24 |    188 |   1 |  325.0 |
      Ice Cave |   1544 |   1544 |      0 |    936 |    319 |   1 | 1544.0 |
               +--------+--------+--------+--------+--------+-----+--------+

Top non-repeatable levels by time:
   IceCv: 1544 daAuts
     D:7: 1537 daAuts
     D:3: 1200 daAuts
  Lair:1: 1047 daAuts
     D:5: 956 daAuts
    D:10: 931 daAuts
    D:11: 924 daAuts
     D:9: 918 daAuts
     D:8: 918 daAuts
     D:4: 901 daAuts
     D:6: 873 daAuts
  Lair:2: 762 daAuts
     D:1: 664 daAuts
     D:2: 537 daAuts
   Sewer: 325 daAuts
